 Dungeon Crawl Stone Soup version 0.31-a0-325-g067879e3d3 (webtiles) character file.

Game seed: 7351285671363101982

306 porpoise the Skirmisher (level 6, -5/39 HPs)
             Began as a Kobold Hunter on July 19, 2023.
             Slain by Duvessa
             ... wielding a +0 rapier
              (15 damage)
             ... on level 4 of the Dungeon.
             The game lasted 00:05:47 (2463 turns).

porpoise the Skirmisher (Kobold Hunter)             Turns: 2463, Time: 00:05:48

Health: -5/39      AC:  4    Str:  9    XL:     6   Next: 67%
Magic:  6/6        EV: 14    Int: 10    God:
Gold:   120        SH:  0    Dex: 20    Spells: 5/5 levels left

rFire   . . .        a - +0 shortbow
rCold   . . .        (shield currently unavailable)
rNeg    . . .        c - +0 leather armour
rPois   .            (no helmet)
rElec   .            (no cloak)
rCorr   .            o - +0 pair of gloves
SInv    .            (no boots)
Will    .....        (no amulet)
Stlth   +++          (no ring)
HPRegen 0.26/turn    (no ring)
MPRegen 0.10/turn

%: no passive effects
@: no status effects
A: small, no large weapons, nightstalker 3
a: no special abilities


You were on level 4 of the Dungeon.
You visited 1 branch of the dungeon, and saw 4 of its levels.

You collected 120 gold pieces.

Inventory:

Hand Weapons
 a - a +0 shortbow (weapon)
Armour
 c - a +0 leather armour (worn)
 o - a +0 pair of gloves (worn)
Magical Staves
 i - a staff of poison
Jewellery
 t - an amulet of guardian spirit
Scrolls
 b - a scroll of butterflies
 d - a scroll of enchant armour {unknown}
 j - a scroll of fog {unknown}
 k - a scroll of noise {unknown}
 m - a scroll of silence {unknown}
 r - a scroll of fear {unknown}
 s - a scroll of brand weapon {unknown}
 u - a scroll of blinking {unknown}
Potions
 e - a potion of heal wounds
 f - a potion of berserk rage
 g - a potion of magic {unknown}
 h - a potion of degeneration {unknown}
 l - 2 potions of curing
 n - a potion of attraction {unknown}
 p - 4 potions of enlightenment {unknown}


   Skills:
 + Level 4.4 Fighting
 * Level 8.6 Ranged Weapons
 - Level 2.4 Dodging
 - Level 1.3 Stealth


You had 5 spell levels left.
You didn't know any spells.
Your spell library contained the following spells:

 Spells                   Type           Power      Damage    Failure   Level
 Animate Dead             Necr           0%         N/A       99%         4
 Haunt                    Necr/Summ      0%         N/A       100%        7
 Infestation              Necr           0%         N/A       100%        8


Dungeon Overview and Level Annotations

Branches:
Dungeon (4/15)
 Temple: D:4-7

Altars:
Sif Muna

Shops:
D:3 [

Annotations:
D:3 3 runed translucent doors, knightboat's ghost, amateur DsMo
D:4 Duvessa


Innate Abilities, Weirdness & Mutations

You are small and have problems with some larger weapons.
You are completely attuned to the shadows.


Message History

You shoot an arrow. The arrow completely misses Duvessa.
The arrow misses Dowan.
The arrow hits the hobgoblin but does no damage.
You shoot an arrow. The arrow hits Duvessa.
Duvessa is lightly wounded.
Duvessa completely misses you.
You shoot an arrow. The arrow hits Duvessa.
Duvessa is lightly wounded.
Duvessa barely misses you.
You shoot an arrow. The arrow hits Dowan.
Dowan is almost dead.
Dowan hits you with a +0 dagger. Duvessa misses you.
You shoot an arrow. The arrow hits Dowan.
Dowan is almost dead.
Dowan gestures at Duvessa while chanting.
Duvessa seems to speed up.
Duvessa gestures with her weapon.
Duvessa closely misses you.
You shoot an arrow. The arrow hits Dowan!
You kill Dowan!
Duvessa screams, "No!
How DARE you!"
Duvessa goes berserk!
Duvessa completely misses you.
You shoot an arrow.
The arrow hits Duvessa but does no damage.
Duvessa is lightly wounded.
Duvessa barely misses you. The hobgoblin closely misses you.
Duvessa closely misses you.
You shoot an arrow. The arrow hits Duvessa.
Duvessa is lightly wounded.
Duvessa misses you. The hobgoblin completely misses you.
You shoot an arrow. The arrow hits Duvessa.
Duvessa is lightly wounded.
Duvessa hits you with a +0 rapier! The hobgoblin misses you.
Duvessa hits you with a +0 rapier!
* * * LOW HITPOINT WARNING * * *
You shoot an arrow.
The arrow hits Duvessa but does no damage.
Duvessa is lightly wounded.
Duvessa hits you with a +0 rapier!
You die...

#######
#@g...#
#e###.#
#.# #.#
#.# #.#
#####'###
#.......#
#.......#


You could see Duvessa (berserk, fast) and a hobgoblin.

Vanquished Creatures
  Sigmund (D:2)
  Dowan (D:4)
  4 adders
  2 worms (D:2)
  A dart slug (D:3)
  2 orcs (D:3)
  5 ball pythons
  8 bats
  2 endoplasms
  A giant cockroach (D:1)
  2 goblins
  9 hobgoblins
  3 jackals (D:2)
  A kobold (D:2)
  4 quokkas
  A frilled lizard (D:3)
  7 rats
54 creatures vanquished.

Notes
Turn   | Place    | Note
-------+----------+-------------------------------------------
     0 | D:1      | porpoise the Kobold Hunter began the quest for the Orb.
     0 | D:1      | Reached XP level 1. HP: 12/12 MP: 1/1
   133 | D:1      | Reached XP level 2. HP: 15/18 MP: 2/2
   278 | D:1      | Reached skill level 6 in Ranged Weapons
   444 | D:1      | Reached XP level 3. HP: 22/22 MP: 3/3
   738 | D:2      | Found a shimmering blue altar of Sif Muna.
   902 | D:2      | Noticed Sigmund
   910 | D:2      | Killed Sigmund
   911 | D:2      | Reached skill level 7 in Ranged Weapons
   911 | D:2      | Reached XP level 4. HP: 16/29 MP: 4/4
   911 | D:2      | Reached XP level 5. HP: 19/33 MP: 5/5
   911 | D:2      | Reached XP level 6. HP: 21/38 MP: 6/6
  1052 | D:2      | Reached skill level 8 in Ranged Weapons
  1891 | D:3      | Found a runed translucent gate.
  1892 | D:3      | Found a runed translucent gate.
  2162 | D:3      | Found Liuk's Armour Shoppe.
  2219 | D:3      | Found a runed translucent gate.
  2220 | D:3      | Noticed knightboat's ghost (amateur DsMo)
  2275 | D:3      | Found a faded altar of an unknown god.
  2441 | D:4      | Noticed Dowan
  2446 | D:4      | Noticed Duvessa
  2459 | D:4      | Killed Dowan
  2463 | D:4      | Slain by Duvessa

Illustrated notes

Levels and vault maps discovered:
D:1:      dpeg_arrival_shelter, layout_basic
D:2:      layout_basic, basic_altar, uniq_sigmund
D:3:      layout_rooms, serial_shops, nicolae_shop_statue_plus,
          gammafunk_ghost_nasty_kobolds, shapermc_ecumenical_altar_pompeii,
          serial_bayou_pond_a, serial_bayou_pond_a
D:4:      layout_basic, serial_shops, nicolae_shop_industrial_runoff,
          uniq_crazy_yiuf_cottage, uniq_duvessa, uniq_ijyb

Skill      XL: |  1  2  3  4  5  6 |
---------------+-------------------+-----
Ranged Weapons | 6 7 8 |  8.6
Fighting       | 4 |  4.4
Dodging        | |  2.4
Stealth        | |  1.3

Action                     |  1- 3 |  4- 6 || total
---------------------------+-------+-------++-------
   Fire: Shortbow          |    55 |   103 ||   158
    Use: Scroll            |       |     3 ||     3
 Armour: Leather armour    |     3 |     4 ||     7
  Dodge: Dodged            |    17 |    31 ||    48

Table legend: (Time is in decaauts)
 A = Elapsed time spent in this place.
 B = Non-inter-level travel time spent in this place.
 C = Inter-level travel time spent in this place.
 D = Time resting spent in this place.
 E = Time spent auto-exploring this place.
 F = Levels seen in this place.
 G = Mean time per level.
                   A        B        C        D        E       F      G
               +--------+--------+--------+--------+--------+-----+--------+
         Total |   2475 |   2366 |    109 |     75 |   1999 |   4 |  618.8 |
       Dungeon |   2475 |   2366 |    109 |     75 |   1999 |   4 |  618.8 |
               +--------+--------+--------+--------+--------+-----+--------+

Top non-repeatable levels by time:
     D:2: 1082 daAuts
     D:1: 686 daAuts
     D:3: 649 daAuts
     D:4: 55 daAuts
